 Dungeon Crawl Stone Soup version 0.26.1-2-gb8aa6d0cf2 (webtiles) character file.

Game seed: 9081617699257085541

6367 MalarOregon the Cleaver (level 11, -5/75 HPs)
             Began as a Halfling Berserker on Mar 30, 2021.
             Was an Elder of Trog.
             Slain by a seven-headed hydra (12 damage)
             ... on level 8 of the Dungeon.
             The game lasted 00:21:57 (11721 turns).

MalarOregon the Cleaver (Halfling Berserker)       Turns: 11721, Time: 00:21:58

Health: -5/75      AC: 17    Str: 28    XL:     11   Next: 17%
Magic:  11/11      EV: 14    Int:  9    God:    Trog [****..]
Gold:   224        SH: 13    Dex: 20    Spells: 10/10 levels left

rFire    . . .     SeeInvis .   E - +2 scimitar (flame)
rCold    . . .     Faith    .   k - +0 kite shield
rNeg     + . .     Spirit   .   r - +0 chain mail
rPois    +         Reflect  .   w - +1 helmet "Yzyfa" {rElec Str+4 Int+4}
rElec    +         Harm     .   (no cloak)
rCorr    +         Rampage  .   g - +0 pair of gloves
Will     .....                  C - +2 pair of boots
Stlth    ..........             l - amulet of Liberty {Inacc rPois Str+3 Dex+5}
HPRegen  0.22/turn              y - ring of resist corrosion
MPRegen  0.12/turn              z - ring of positive energy

@: no status effects
A: small, mutation resistance 1
a: Renounce Religion, Berserk, Trog's Hand, Brothers in Arms


You were on level 8 of the Dungeon.
You worshipped Trog.
Trog was greatly pleased with you.
You visited 1 branch of the dungeon, and saw 9 of its levels.

You collected 567 gold pieces.
You spent 343 gold pieces at shops.

Inventory:

Hand Weapons
 E - a +2 scimitar of flaming (weapon)
   (You took it off Erica on level 9 of the Dungeon)
 F - a +1 war axe
   (You found it on level 7 of the Dungeon)
Missiles
 b - 2 silver boomerangs
 e - 39 poisoned darts
 p - 321 stones (quivered)
 q - 15 boomerangs
 s - 4 throwing nets {!f}
Armour
 g - a +0 pair of gloves (worn)
   (You found it on level 1 of the Dungeon)
 k - a +0 kite shield (worn)
   (You found it on level 1 of the Dungeon)
 r - a +0 chain mail (worn)
   (You found it on level 2 of the Dungeon)
 w - the +1 helmet "Yzyfa" (worn) {rElec Str+4 Int+4}
   (You found it on level 8 of the Dungeon)

   It affects your strength (+4).
   It affects your intelligence (+4).
   It insulates you from electricity.
 C - a +2 pair of boots (worn)
   (You found it on level 7 of the Dungeon)
Jewellery
 l - the amulet of Liberty (around neck) {Inacc rPois Str+3 Dex+5}
   (You bought it in a shop on level 8 of the Dungeon)

   [amulet of inaccuracy]

   It reduces the accuracy of all your attacks.
   It affects your strength (+3).
   It affects your dexterity (+5).
   It protects you from poison.
 y - a ring of resist corrosion (left hand)
   (You found it on level 3 of the Dungeon)
 z - a ring of positive energy (right hand)
   (You found it on level 4 of the Dungeon)
 H - an uncursed ring of flight
   (You found it on level 7 of the Dungeon)
Wands
 d - a wand of iceblast (14)
   (You found it on level 2 of the Dungeon)
 t - a wand of flame (39)
   (You found it on level 7 of the Dungeon)
Scrolls
 a - 4 scrolls of identify {@r1}
 c - 3 scrolls of fear
 i - 2 scrolls of enchant weapon
 n - 5 scrolls of teleportation {@r4}
 u - a scroll of immolation {!r}
Potions
 f - a potion of mutation {!q}
 h - 5 potions of curing {@q1}
 j - a potion of invisibility
 m - 3 potions of flight
 o - 4 potions of haste {@q3}
 v - a potion of resistance
 x - a potion of lignification {!q}
 A - 2 potions of magic
 B - a potion of brilliance {unknown}
 D - a potion of ambrosia


   Skills:
 * Level 7.5 Fighting
 * Level 8.3 Axes
 + Level 5.0 Throwing
 + Level 6.5 Armour
 + Level 6.5 Dodging
 * Level 8.2 Shields


You had 10 spell levels left.
You didn't know any spells.
Your spell library was empty.

Dungeon Overview and Level Annotations

Branches:
Dungeon (9/15)             Temple (0/1) D:7            Lair (0/6) D:8
    Orc: D:9-12

Altars:
Ashenzari
Elyvilon
Gozag
Makhleb
Nemelex Xobeh
Qazlal
Uskayaw
Wu Jian
Xom
Yredelemnul
Zin
The Shining One

Shops:
D:8 =

Annotations:
D:5 1 runed translucent door, Crazy Yiuf


Innate Abilities, Weirdness & Mutations

You are small and have problems with some larger weapons.
You are somewhat resistant to further mutation.


Message History

Things that are here:
20 arrows; a +0 shortbow The eight-headed hydra roars!
An eight-headed hydra is nearby!
An eight-headed hydra is nearby!
An eight-headed hydra is nearby!
Your +2 scimitar of flaming bursts into flame!
E - a +2 scimitar of flaming (weapon)
There is an escape hatch in the floor here.
You barely miss the eight-headed hydra.
The eight-headed hydra closely misses you.
You block the eight-headed hydra's attack. x2
The eight-headed hydra bites you. x3
You block the eight-headed hydra's attack.
The eight-headed hydra closely misses you.
The eight-headed hydra bites you. x2
The eight-headed hydra barely misses you.
You block the eight-headed hydra's attack.
The eight-headed hydra bites you but does no damage.
You block the eight-headed hydra's attack.
The eight-headed hydra bites you but does no damage.
The eight-headed hydra bites you.
You hack one of the eight-headed hydra's heads off!
The flame cauterises the wound!
You slash the seven-headed hydra! You burn the seven-headed hydra.
The seven-headed hydra bites you but does no damage. x2
The seven-headed hydra bites you!
You block the seven-headed hydra's attack.
The seven-headed hydra bites you. x2
The seven-headed hydra bites you but does no damage.
You barely miss the seven-headed hydra.
You block the seven-headed hydra's attack. x2
The seven-headed hydra bites you. The seven-headed hydra bites you!
* * * LOW HITPOINT WARNING * * *
The seven-headed hydra bites you!
* * * LOW HITPOINT WARNING * * *
The seven-headed hydra bites you.
* * * LOW HITPOINT WARNING * * *
The seven-headed hydra bites you!
* * * LOW HITPOINT WARNING * * *
You block the seven-headed hydra's attack.
The seven-headed hydra closely misses you.
The seven-headed hydra bites you but does no damage.
The seven-headed hydra closely misses you.
The seven-headed hydra bites you.
* * * LOW HITPOINT WARNING * * *
The seven-headed hydra bites you.
* * * LOW HITPOINT WARNING * * *
The seven-headed hydra bites you!
You die...

#########
........################*
..#####.#.......@D......* #.#
#.#(#############.* * #.# #.#.#
**+********* #.## #.#(#
*,,,,,,,,,,, ...# #.#(#
*,,,,,,,***,
...####.#(##########**,,,,*,,,≈,,
........(...........,+,,,*,,*,,,*
)...###.#.#.#..#####**,,,*,**,,P*
..#.###.#(#.#..# *,,,*,,PPPP,


You could see a seven-headed hydra.

Vanquished Creatures
  Erica (D:9)
  The ghost of MalarOregon the Slinger, a novice HaHu of Uskayaw (D:6)
  Prince Ribbit (D:5)
  6 yaks (D:9)
  A water moccasin (D:8)
  An ice beast (D:9)
  5 orc warriors
  4 sky beasts
  An ogre (D:8)
  A necrophage (D:8)
  2 phantoms
  5 centaurs
  Blork the orc (D:5)
  A big kobold (D:9)
  7 bullfrogs
  3 scorpions
  4 killer bees (D:9)
  5 howler monkeys
  A crimson imp (D:2)
  A centaur zombie (D:5)
  4 hounds
  2 quasits
  2 centaur skeletons
  10 orc wizards
  A bullfrog skeleton (D:5)
  A gnoll shaman (D:6)
  8 orc priests
  2 iguanas
  6 worker ants
  3 worker ant zombies
  Robin (D:2)
  11 gnolls
  9 adders
  A shadow imp (D:9)
  A white imp (D:9)
  An ufetubus (D:7)
  2 oozes
  An adder skeleton (D:4)
  An adder zombie (D:5)
  2 worms (D:2)
  2 dart slugs (D:1)
  8 leopard geckos
  48 orcs
  A giant cockroach (D:3)
  16 goblins
  7 hobgoblins
  5 jackals
  3 quokkas
  4 ball pythons
  3 bats
  10 frilled lizards
  A jackal zombie (D:7)
  10 kobolds
  A leopard gecko skeleton (D:8)
  5 rats
245 creatures vanquished.

Vanquished Creatures (others)
  4 fungi (D:5)
4 creatures vanquished.

Grand Total: 249 creatures vanquished

Notes
Turn   | Place    | Note
-------+----------+-------------------------------------------
     0 | D:1      | MalarOregon the Halfling Berserker began the quest for the
                  | Orb.
     0 | D:1      | Reached XP level 1. HP: 15/15 MP: 1/1
   181 | D:1      | Reached XP level 2. HP: 18/20 MP: 2/2
   462 | D:1      | Reached XP level 3. HP: 20/26 MP: 3/3
  1027 | D:1      | Reached ** piety under Trog
  1665 | D:2      | Noticed Robin
  1684 | D:2      | Reached XP level 4. HP: 31/31 MP: 4/4
  1699 | D:2      | Killed Robin
  2265 | D:2      | Found a burning altar of Makhleb.
  2326 | D:2      | Reached skill level 1 in Shields
  2326 | D:2      | Reached XP level 5. HP: 33/36 MP: 5/5
  2483 | D:2      | Found a glowing silver altar of Zin.
  2835 | D:3      | Found a glowing golden altar of the Shining One.
  3209 | D:3      | HP: 1/36 [iguana (7)]
  3619 | D:3      | Reached XP level 6. HP: 39/42 MP: 6/6
  3953 | D:4      | Reached *** piety under Trog
  4332 | D:4      | Found an ornate altar of the Wu Jian Council.
  4341 | D:4      | Found a white marble altar of Elyvilon.
  4538 | D:4      | Found a sparkling altar of Nemelex Xobeh.
  4538 | D:4      | Found a basalt altar of Yredelemnul.
  4558 | D:4      | Reached skill level 1 in Throwing
  4832 | D:4      | Found a hide-covered altar of Uskayaw.
  4832 | D:4      | Found a broken altar of Ashenzari.
  4980 | D:5      | Entered Level 5 of the Dungeon
  5060 | D:5      | Reached XP level 7. HP: 46/47 MP: 7/7
  5068 | D:5      | Found a shimmering altar of Xom.
  5103 | D:5      | Noticed Blork the orc
  5123 | D:5      | Killed Blork the orc
  5383 | D:5      | Noticed Prince Ribbit
  5467 | D:5      | HP: 2/49 [centaur (7)]
  5478 | D:5      | Reached skill level 5 in Axes
  5478 | D:5      | Reached XP level 8. HP: 15/54 MP: 8/8
  6037 | D:5      | Found an opulent altar of Gozag.
  6234 | D:5      | Killed Prince Ribbit
  6483 | D:5      | Reached skill level 5 in Fighting
  6730 | D:5      | Found a runed translucent door.
  6731 | D:5      | Noticed Crazy Yiuf
  6902 | D:6      | Reached skill level 5 in Shields
  6902 | D:6      | Reached XP level 9. HP: 16/61 MP: 9/9
  7150 | D:6      | Found a stormy altar of Qazlal.
  7478 | D:6      | Noticed MalarOregon's ghost (novice HaHu)
  7481 | D:6      | Found a runed translucent door.
  7709 | D:6      | Killed MalarOregon's ghost
  7710 | D:6      | Reached skill level 5 in Armour
  7710 | D:6      | Reached skill level 5 in Dodging
  8150 | D:7      | Found a staircase to the Ecumenical Temple.
  8162 | D:7      | Reached **** piety under Trog
  8346 | D:7      | Got a faintly glowing spear
  8382 | D:7      | Identified the cursed +1 spear of Watchfulness {flame,
                  | +Rage rC+ Int+3} (You found it on level 7 of the Dungeon)
  8920 | D:8      | Reached XP level 10. HP: 64/68 MP: 10/10
  9085 | D:8      | Found a staircase to the Lair.
  9566 | D:8      | Found Qofewk's Jewellery Shop.
  9583 | D:8      | Bought the amulet of Liberty {Inacc rPois Str+3 Dex+5} for
                  | 343 gold pieces
 10056 | D:8      | Got a faintly humming helmet
 10121 | D:8      | Identified the +1 helmet "Yzyfa" {rElec Str+4 Int+4} (You
                  | found it on level 8 of the Dungeon)
 10584 | D:9      | Noticed a seven-headed hydra
 11085 | D:9      | Reached XP level 11. HP: 75/75 MP: 11/11
 11318 | D:9      | Got a bloodstained robe
 11381 | D:9      | Noticed Erica
 11402 | D:9      | Killed Erica
 11403 | D:9      | Reached skill level 5 in Throwing
 11721 | D:8      | Slain by a seven-headed hydra

Illustrated notes

Levels and vault maps discovered:
D:1:      saegor_arrival_simple_d, layout_basic
D:2:      layout_basic, lemuel_round_altar, makhleb_grotto_becter,
          corexii_shack, uniq_robin
D:3:      layout_loops_corners, lemuel_crystal_altar, minivault_26
D:4:      layout_cave_pods, grunt_temple_overflow_open,
          gammafunk_temple_overflow_elements, gammafunk_temple_overflow_pools
D:5:      layout_basic, basic_altar,
          nicolae_gozag_cash_rules_everything_around_me,
          uniq_crazy_yiuf_cottage, uniq_blork_the_orc, uniq_prince_ribbit1
D:6:      layout_cave_pools, lemuel_doored_altar, hellmonk_ghost_happy_afterlife
D:7:      layout_basic, minmay_temple_entry_grid
D:8:      layout_basic, dpeg_oklobed_lair, serial_shops, shop_statue,
          minmay_radiant
D:9:      layout_gridville, uniq_erica

Skill      XL: |  1  2  3  4  5  6  7  8  9 10 11 |
---------------+----------------------------------+-----
Fighting       | 3 4 5 6 7 |  7.5
Armour         | 3 4 5 6 |  6.5
Dodging        | 3 4 5 6 |  6.5
Shields        | 1 2 3 5 6 7 8 |  8.2
Axes           | 4 5 6 8 |  8.3
Throwing       | 1 2 3 4 5 |  5.0

Action                   |  1- 3 |  4- 6 |  7- 9 | 10-12 || total
-------------------------+-------+-------+-------+-------++-------
Melee: Hand axe          |   115 |   313 |   449 |       ||   877
       War axe           |       |       |    70 |   259 ||   329
       Scimitar          |       |       |       |     3 ||     3
Throw: Stone             |       |       |     2 |       ||     2
Invok: Berserk           |     1 |     1 |     9 |     5 ||    16
       Trog's Hand       |       |     3 |     8 |     5 ||    16
Evoke: Wand              |       |       |       |     1 ||     1
  Use: Scroll            |       |     7 |    13 |     1 ||    21
       Potion            |       |       |     1 |     1 ||     2
 Stab: Sleeping          |     3 |       |       |       ||     3
Armor: Animal skin       |     9 |       |       |       ||     9
       Chain mail        |     7 |   142 |   214 |   133 ||   496
       Skin              |       |       |       |    83 ||    83
Dodge: Dodged            |    67 |    92 |   168 |   154 ||   481
Block: Kite shield       |    24 |   138 |   257 |   267 ||   686
